 Dungeon Crawl Stone Soup version 0.31-a0-152-g6aa68a64a1 (webtiles) character file.

Game seed: 9169307497196112333

28571 qw the Cleaver (level 13, -2/82 HPs)
             Began as a Gargoyle Fighter on June 10, 2023.
             Was a High Priest of Okawaru.
             Slain by an eight-headed hydra (11 damage)
             ... on level 4 of the Lair of Beasts.
             The game lasted 00:06:43 (12217 turns).

qw the Cleaver (Gargoyle Fighter)                  Turns: 12217, Time: 00:06:43

Health: -2/82      AC: 31    Str: 24    XL:     13   Next: 39%
Magic:  14/20      EV: 11    Int: 10    God:    Okawaru [*****.]
Gold:   877        SH:  7    Dex: 15    Spells: 12/12 levels left

rFire   . . .        s - +0 morningstar
rCold   . . .        c - +0 buckler
rNeg    + . .        u - +0 plate armour
rPois   inf          B - +2 helmet
rElec   +            w - +0 cloak
rCorr   .            l - +0 pair of gloves
SInv    .            j - +0 pair of boots
Will    +....        e - amulet of faith Stlth
                     h - ring of willpower
HPRegen 0.33/turn    q - +6 ring of dexterity
MPRegen 0.17/turn

%: faith
@: about to teleport, heroic, finesse-ful, corroded
A: sickness immunity, AC +9, negative energy resistance 1, electricity
resistance, torment resistance 1, petrification resistance, talons 1
a: Renounce Religion, Heroism, Finesse, Duel


You were on level 4 of the Lair of Beasts.
You worshipped Okawaru.
Okawaru was extremely pleased with you.
You visited 2 branches of the dungeon, and saw 13 of its levels.
You also visited: Sewer.

You collected 877 gold pieces.


Innate Abilities, Weirdness & Mutations

You are immune to sickness and miasma.
Your stone body is resilient. (AC +9)
You are immune to poison.
You resist negative energy. (rN+)
You are resistant to electric shocks. (rElec)
You are resistant to unholy torment.
You are immune to petrification.
You have sharp toenails.


   Skills:
 - Level 10.1(15.1) Fighting
 + Level 13.4(18.4) Axes
 - Level 5.1(10.1) Throwing
 - Level 10.0(15.0) Armour
 - Level 3.0(8.0) Dodging
 - Level 6.0(11.0) Shields
 - Level 10.0 Invocations


You had 12 spell levels left.
You didn't know any spells.
Your spell library was empty.

Inventory:

Hand Weapons
 s - a +0 morningstar (weapon)
 Y - a +1 broad axe of venom
Missiles
 k - 7 boomerangs
 n - a silver javelin
 p - 2 silver boomerangs
 x - 8 javelins (quivered)
Armour
 c - a +0 buckler (worn)
 j - a +0 pair of boots (worn)
 l - a +0 pair of gloves (worn)
 u - a +0 plate armour (worn)
 w - a +0 cloak (worn)
 y - +0 acid dragon scales
 B - a +2 helmet (worn)
Jewellery
 b - an amulet of reflection
 e - an amulet of faith (around neck)
 g - a ring of positive energy
 h - a ring of willpower (left hand)
 q - a +6 ring of dexterity (right hand)
 v - a ring of ice
Scrolls
 a - 4 scrolls of identify
 z - a scroll of teleportation
Potions
 d - 3 potions of might
 f - 2 potions of lignification
 i - a potion of resistance
 m - 2 potions of curing
 o - 2 potions of haste
 r - 2 potions of magic
 t - a potion of mutation
 C - a potion of cancellation

Dungeon Overview and Level Annotations

Branches:
Dungeon (9/15)             Temple (0/1) D:6            Lair (4/5) D:9
 Shoals (0/4) Lair:2       Spider (0/4) Lair:3          Orc (0/2) D:9
  Sewer (visited)
  Slime: Lair:4-5

Altars:
Cheibriados
Elyvilon
Gozag
Makhleb
Okawaru
Qazlal
Sif Muna
Trog
Uskayaw
Wu Jian
Yredelemnul
The Shining One

Annotations:
D:4 2 runed translucent doors, qw's ghost, novice MiHu
D:6 4 runed translucent doors, Crazy Yiuf; qw's ghost, novice MiHu


Message History

You sock the eight-headed hydra!
The eight-headed hydra is moderately wounded.
You sock the eight-headed hydra!
The eight-headed hydra is moderately wounded.
You block the eight-headed hydra's attack.
The eight-headed hydra misses you.
The eight-headed hydra bites you but does no damage. x2
The eight-headed hydra bites you.
The eight-headed hydra bites you but does no damage.
You block the eight-headed hydra's attack.
The eight-headed hydra bites you but does no damage.
You hit the eight-headed hydra but do no damage.
The eight-headed hydra is moderately wounded.
You puncture the eight-headed hydra!
The eight-headed hydra is heavily wounded.
You hit the eight-headed hydra but do no damage.
The eight-headed hydra is heavily wounded.
The eight-headed hydra bites you!
The eight-headed hydra barely misses you.
You block the eight-headed hydra's attack.
The eight-headed hydra bites you but does no damage. x4
The eight-headed hydra closely misses you.
You thump the eight-headed hydra!
The eight-headed hydra is severely wounded.
You bludgeon the eight-headed hydra!!
The eight-headed hydra is almost dead.
The eight-headed hydra bites you!
You block the eight-headed hydra's attack.
The eight-headed hydra bites you. x2
The eight-headed hydra bites you but does no damage.
The eight-headed hydra closely misses you.
The eight-headed hydra bites you.
You block the eight-headed hydra's attack.
12217 ||| READING 2 scrolls of teleportation.
As you read the scroll of teleportation, it crumbles to dust.
You feel strangely unstable. The eight-headed hydra bites you!
The eight-headed hydra bites you but does no damage. x2
The eight-headed hydra bites you!
You die...

.............#
##.##.#......####
...##.##P.......
.......##....P.#
.#......#....#
.#...##.#.!..########
###.####.....##.....##..
................%.......
..............%.@D......
........................
..~~~................$..
~~~~~..................
~~~~~~.................
.~~~~~.......##.+.#.#..
>.~~~~~.......###.###. .
.~~~~~~....... . #.
~~~~~~...


You could see an eight-headed hydra.

Vanquished Creatures
  A catoblepas (Lair:1)
  A hydra (Lair:4)
  2 two-headed ogres (D:9)
  Nergalle (Lair:2)
  2 skysharks
  An orb spider (Lair:3)
  Pikel (D:8)
  2 harpies (Lair:2)
  A cyclops (D:7)
  2 black mambas
  8 elephants
  Joseph (D:8)
  8 cane toads
  2 torpor snails (Lair:1)
  6 komodo dragons
  A rime drake (Lair:3)
  A hornet (D:9)
  A troll (D:9)
  Sigmund (D:6)
  38 yaks
  2 wyverns
  A basilisk (Lair:3)
  2 steam dragons
  2 acid dragons (D:9)
  2 hell hounds (Lair:2)
  Duvessa (D:4)
  9 water moccasins
  5 orc warriors (D:9)
  4 black bears
  2 sky beasts
  2 ice beasts (D:7)
  2 ogres
  3 centaurs
  10 wolves
  4 lemures (D:8)
  A phantom (D:6)
  14 bullfrogs
  5 scorpions
  8 wights (D:6)
  Dowan (D:4)
  11 killer bees
  5 howler monkeys
  2 electric eels
  2 gnoll boudas (D:5)
  2 hounds (D:5)
  6 jellies
  3 orc priests (D:9)
  2 iguanas
  5 sleepcaps
  3 orc wizards (D:9)
  5 hell rats
  7 gnolls (D:5)
  4 adders
  3 river rats
  2 shadow imps
  A white imp (D:5)
  An ufetubus (D:6)
  A dart slug (D:2)
  26 orcs
  9 bats
  13 endoplasms
  3 giant cockroaches
  19 goblins
  12 hobgoblins
  4 jackals (D:1)
  5 kobolds
  3 quokkas
  11 ball pythons
  A frilled lizard (D:3)
  10 rats
342 creatures vanquished.

Notes
Turn   | Place    | Note
-------+----------+-------------------------------------------
     0 | D:1      | qw the Gargoyle Fighter began the quest for the Orb.
     0 | D:1      | Reached XP level 1. HP: 14/14 MP: 1/1
     0 | D:1      | 0 ||| qw: Version: 0.2-a-29-gd901d54
     0 | D:1      | 0 ||| qw: Game counter: 3949
     0 | D:1      | 0 ||| qw: Always use a shield: true
     0 | D:1      | 0 ||| qw: God list: Okawaru
     0 | D:1      | 0 ||| qw: Allow faded altars: false
     0 | D:1      | 0 ||| qw: Do Orc after D:15 true
     0 | D:1      | 0 ||| qw: Do second Lair branch before Depths: true
     0 | D:1      | 0 ||| qw: Lair rune preference: random
     0 | D:1      | 0 ||| qw: Plans: Normal, Zot:1-4, Slime:5, God:TSO, Crypt,
                  | Tomb, Abyss, Pan, Hells, Win
     0 | D:1      | 0 ||| PLANNING D:1-11
    16 | D:1      | Reached skill level 2 in Axes
    28 | D:1      | 28 ||| Stepping ~*~*~tactically~*~*~ (stealth).
    29 | D:1      | 29 ||| Stepping ~*~*~tactically~*~*~ (stealth).
   105 | D:1      | Reached XP level 2. HP: 19/19 MP: 2/2
   175 | D:1      | 175 ||| Stepping ~*~*~tactically~*~*~ (stealth).
   176 | D:1      | 176 ||| Stepping ~*~*~tactically~*~*~ (stealth).
   246 | D:1      | 246 ||| Stepping ~*~*~tactically~*~*~ (stealth).
   309 | D:1      | Reached skill level 3 in Axes
   314 | D:1      | Reached XP level 3. HP: 19/23 MP: 3/3
   534 | D:1      | 534 ||| Stepping ~*~*~tactically~*~*~ (stealth).
   802 | D:1      | 802 ||| Stepping ~*~*~tactically~*~*~ (hiding).
   883 | D:1      | 883 ||| UPGRADING to +0 pair of boots.
   888 | D:1      | 888 ||| READING 3 scrolls labelled WICOFIMNOXI.
   889 | D:1      | 889 ||| READING scroll labelled DOXYOJ QUTOA.
   890 | D:1      | 890 ||| READING scroll labelled ZURAGAIXUE.
   895 | D:1      | 895 ||| READING scroll labelled WULOASSEIKK.
   896 | D:1      | 896 ||| READING 2 scrolls of identify.
   896 | D:1      | 896 ||| IDENTIFYING sedimented blue potion
   929 | D:2      | 929 ||| Stepping ~*~*~tactically~*~*~ (stealth).
   938 | D:2      | 938 ||| Stepping ~*~*~tactically~*~*~ (stealth).
   939 | D:2      | 939 ||| Stepping ~*~*~tactically~*~*~ (stealth).
   944 | D:2      | 944 ||| FLEEEEING.
   945 | D:2      | 945 ||| FLEEEEING.
   947 | D:2      | 947 ||| FLEEEEING.
   948 | D:2      | 948 ||| FLEEEEING.
   949 | D:2      | 949 ||| FLEEEEING.
   950 | D:2      | 950 ||| FLEEEEING.
   951 | D:2      | 951 ||| STAIRDANCE
   969 | D:2      | 969 ||| STAIRDANCE
  1027 | D:2      | Reached XP level 4. HP: 28/28 MP: 4/4
  1052 | D:2      | 1052 ||| DROPPING +0 club.
  1299 | D:2      | Found a faded altar of an unknown god.
  1306 | D:2      | 1306 ||| Stepping ~*~*~tactically~*~*~ (stealth).
  1311 | D:2      | Reached skill level 4 in Axes
  1365 | D:2      | 1365 ||| Stepping ~*~*~tactically~*~*~ (stealth).
  1578 | D:3      | 1578 ||| PLANNING SEWER
  1595 | D:3      | Found an ornate altar of the Wu Jian Council.
  1606 | D:3      | Found a glowing drain.
  1637 | Sewer    | Entered a sewer
  1656 | Sewer    | 1656 ||| Stepping ~*~*~tactically~*~*~ (water).
  1676 | Sewer    | 1676 ||| Stepping ~*~*~tactically~*~*~ (water).
  1680 | Sewer    | Reached XP level 5. HP: 28/32 MP: 5/5
  1702 | Sewer    | HP: 7/32 [hell rat (15)]
  1828 | Sewer    | 1828 ||| READING scroll labelled SUN PURYKOASI.
  1828 | Sewer    | Identified a scroll of acquirement
  1828 | Sewer    | 1828 ||| ACQUIRING +1 broad axe of venom
  1828 | Sewer    | Acquired a +1 broad axe of venom
  1830 | Sewer    | 1830 ||| SWAPPING to +1 broad axe of venom.
  1831 | Sewer    | 1831 ||| DROPPING +0 war axe.
  1832 | Sewer    | 1832 ||| READING scroll labelled GIGREIPROTS.
  1833 | Sewer    | 1833 ||| READING scroll labelled DOATTI TOUTY.
  1844 | D:3      | 1844 ||| PLANNING D:1-11
  1856 | D:3      | Found a bloodstained altar of Trog.
  1856 | D:3      | Found a burning altar of Makhleb.
  1856 | D:3      | Found a white marble altar of Elyvilon.
  1864 | D:3      | Found a glowing golden altar of the Shining One.
  1886 | D:3      | 1886 ||| Stepping ~*~*~tactically~*~*~ (hiding).
  2026 | D:3      | You fall into a shaft and drop 1 floor!
  2029 | D:4      | 2029 ||| READING scroll labelled ESECUC WAT PETS.
  2030 | D:4      | 2030 ||| DRINKING 2 fizzy purple potions.
  2031 | D:4      | 2031 ||| READING 2 scrolls of identify.
  2031 | D:4      | 2031 ||| IDENTIFYING black potion
  2039 | D:4      | 2039 ||| STAIRDANCE
  2414 | D:3      | Reached skill level 1 in Throwing
  2550 | D:3      | 2550 ||| UPGRADING to +0 helmet.
  2555 | D:3      | 2555 ||| UPGRADING to ring of positive energy.
  2556 | D:3      | 2556 ||| DRINKING 2 bubbling blue potions.
  2557 | D:3      | 2557 ||| DRINKING 2 potions of curing.
  2557 | D:3      | 2557 ||| (to cure confusion)
  2558 | D:3      | 2558 ||| DRINKING 2 lumpy golden potions.
  2559 | D:3      | 2559 ||| READING 4 scrolls of identify.
  2559 | D:3      | 2559 ||| IDENTIFYING sedimented clear potion
  2560 | D:3      | 2560 ||| READING 3 scrolls of identify.
  2560 | D:3      | 2560 ||| IDENTIFYING amethyst potion
  2561 | D:3      | 2561 ||| READING 2 scrolls of identify.
  2561 | D:3      | 2561 ||| IDENTIFYING inky potion
  2562 | D:3      | 2562 ||| DROPPING potion of invisibility.
  2563 | D:3      | 2563 ||| DROPPING potion of ambrosia.
  2564 | D:3      | 2564 ||| DROPPING potion of enlightenment.
  2565 | D:3      | 2565 ||| DROPPING potion of brilliance.
  2624 | D:4      | Noticed a centaur
  2624 | D:4      | Noticed a centaur
  2625 | D:4      | 2625 ||| Stepping ~*~*~tactically~*~*~ (hiding).
  2630 | D:4      | Killed a centaur
  2631 | D:4      | Reached skill level 5 in Axes
  2631 | D:4      | Reached XP level 6. HP: 13/37 MP: 6/6
  2632 | D:4      | HP: 9/37 [centaur (4)]
  2633 | D:4      | 2633 ||| DRINKING potion of heal wounds.
  2702 | D:4      | Found an iron altar of Okawaru.
  2703 | D:4      | 2703 ||| PLANNING OKAWARU WORSHIP
  2737 | D:4      | Became a worshipper of Warmaster Okawaru
  2737 | D:4      | 2737 ||| PLANNING D:1-11
  2755 | D:4      | Found a stormy altar of Qazlal.
  2804 | D:4      | Noticed Duvessa
  2804 | D:4      | Noticed Dowan
  2808 | D:4      | Killed Dowan
  2809 | D:4      | Reached skill level 1 in Dodging
  2810 | D:4      | HP: 7/38 [Duvessa/+0 short sword (5)]
  2813 | D:4      | Killed Duvessa
  2814 | D:4      | Reached skill level 6 in Axes
  2814 | D:4      | Reached XP level 7. HP: 6/43 MP: 7/7
  3018 | D:4      | 3018 ||| READING scroll of enchant armour.
  3018 | D:4      | 3018 ||| ENCHANTING +0 helmet.
  3089 | D:4      | 3089 ||| Stepping ~*~*~tactically~*~*~ (hiding).
  3090 | D:4      | 3090 ||| Stepping ~*~*~tactically~*~*~ (hiding).
  3264 | D:4      | Found a large runed translucent door.
  3266 | D:4      | Found a large runed translucent door.
  3272 | D:4      | Noticed qw's ghost (novice MiHu)
  3611 | D:4      | 3611 ||| UPGRADING to +0 pair of gloves.
  3616 | D:4      | 3616 ||| UPGRADING to amulet of faith.
  3621 | D:4      | 3621 ||| UPGRADING to +6 ring of dexterity.
  3622 | D:4      | 3622 ||| READING scroll labelled XIDA WAZXOZI.
  3623 | D:4      | 3623 ||| READING 4 scrolls of identify.
  3623 | D:4      | 3623 ||| IDENTIFYING bubbling inky potion
  3634 | D:5      | Entered Level 5 of the Dungeon
  3684 | D:5      | 3684 ||| Stepping ~*~*~tactically~*~*~ (stealth).
  3698 | D:5      | Reached * piety under Okawaru
  3699 | D:5      | Reached skill level 7 in Axes
  3718 | D:5      | Reached skill level 1 in Invocations
  3747 | D:5      | 3747 ||| INVOKING Heroism.
  3749 | D:5      | Reached XP level 8. HP: 41/48 MP: 5/9
  3953 | D:5      | 3953 ||| Stepping ~*~*~tactically~*~*~ (hiding).
  4027 | D:5      | 4027 ||| Stepping ~*~*~tactically~*~*~ (stealth).
  4029 | D:5      | 4029 ||| Stepping ~*~*~tactically~*~*~ (hiding).
  4034 | D:5      | 4034 ||| INVOKING Heroism.
  4056 | D:5      | 4056 ||| Stepping ~*~*~tactically~*~*~ (hiding).
  4069 | D:5      | 4069 ||| FLEEEEING.
  4073 | D:5      | 4073 ||| FLEEEEING.
  4077 | D:5      | 4077 ||| FLEEEEING.
  4078 | D:5      | 4078 ||| FLEEEEING.
  4079 | D:5      | 4079 ||| FLEEEEING.
  4080 | D:5      | 4080 ||| FLEEEEING.
  4081 | D:5      | 4081 ||| FLEEEEING.
  4085 | D:5      | 4085 ||| FLEEEEING.
  4086 | D:5      | 4086 ||| FLEEEEING.
  4087 | D:5      | 4087 ||| FLEEEEING.
  4170 | D:5      | 4170 ||| Stepping ~*~*~tactically~*~*~ (hiding).
  4173 | D:5      | 4173 ||| INVOKING Heroism.
  4183 | D:5      | Reached skill level 3 in Invocations
  4497 | D:5      | 4497 ||| READING scroll labelled JUSYDGHEJOV.
  4550 | D:6      | Noticed a +0 dagger
  4551 | D:6      | Noticed Sigmund
  4551 | D:6      | Noticed a +0 dagger
  4552 | D:6      | 4552 ||| INVOKING Heroism.
  4557 | D:6      | Killed Sigmund
  4603 | D:6      | 4603 ||| Stepping ~*~*~tactically~*~*~ (stealth).
  4609 | D:6      | Found an opulent altar of Gozag.
  4609 | D:6      | Found a staircase to the Ecumenical Temple.
  4613 | D:6      | 4613 ||| INVOKING Heroism.
  4765 | D:6      | Found a hide-covered altar of Uskayaw.
  4832 | D:6      | Found a runed translucent door.
  4833 | D:6      | Noticed Crazy Yiuf
  4887 | D:6      | 4887 ||| INVOKING Heroism.
  4893 | D:6      | Reached skill level 8 in Axes
  4897 | D:6      | Reached ** piety under Okawaru
  4898 | D:6      | Reached XP level 9. HP: 31/55 MP: 10/12
  4902 | D:6      | Reached skill level 6 in Fighting
  5002 | D:6      | 5002 ||| DROPPING +0 flail.
  5042 | D:6      | Found a runed translucent gate.
  5042 | D:6      | Noticed qw's ghost (novice MiHu)
  5043 | D:6      | Found a runed translucent gate.
  5047 | D:6      | Found a runed translucent gate.
  5047 | D:6      | Noticed a manticore
  5300 | D:6      | 5300 ||| UPGRADING to ring of willpower.
  5392 | D:7      | 5392 ||| Stepping ~*~*~tactically~*~*~ (stealth).
  5393 | D:7      | 5393 ||| Stepping ~*~*~tactically~*~*~ (stealth).
  5481 | D:7      | Reached skill level 9 in Axes
  5501 | D:7      | 5501 ||| Stepping ~*~*~tactically~*~*~ (stealth).
  5503 | D:7      | 5503 ||| INVOKING Heroism.
  5519 | D:7      | 5519 ||| Stepping ~*~*~tactically~*~*~ (stealth).
  5524 | D:7      | 5524 ||| Stepping ~*~*~tactically~*~*~ (stealth).
  5533 | D:7      | 5533 ||| INVOKING Heroism.
  5749 | D:7      | 5749 ||| INVOKING Heroism.
  5760 | D:7      | 5760 ||| Stepping ~*~*~tactically~*~*~ (stealth).
  5761 | D:7      | 5761 ||| Stepping ~*~*~tactically~*~*~ (stealth).
  5762 | D:7      | 5762 ||| Stepping ~*~*~tactically~*~*~ (stealth).
  5773 | D:7      | 5773 ||| Stepping ~*~*~tactically~*~*~ (stealth).
  5778 | D:7      | 5778 ||| INVOKING Heroism.
  5781 | D:7      | Noticed a cyclops
  5794 | D:7      | Reached *** piety under Okawaru
  5795 | D:7      | Reached XP level 10. HP: 32/63 MP: 13/13
  5800 | D:7      | Killed a cyclops
  5801 | D:7      | Reached skill level 10 in Axes
  5808 | D:7      | 5808 ||| INVOKING Heroism.
  5996 | D:7      | Found a basalt altar of Yredelemnul.
  6039 | D:7      | 6039 ||| Stepping ~*~*~tactically~*~*~ (stealth).
  6040 | D:7      | 6040 ||| Stepping ~*~*~tactically~*~*~ (stealth).
  6042 | D:7      | 6042 ||| Stepping ~*~*~tactically~*~*~ (stealth).
  6064 | D:7      | 6064 ||| Stepping ~*~*~tactically~*~*~ (hiding).
  6171 | D:7      | 6171 ||| Stepping ~*~*~tactically~*~*~ (hiding).
  6177 | D:7      | 6177 ||| Stepping ~*~*~tactically~*~*~ (hiding).
  6230 | D:7      | 6230 ||| INVOKING Heroism.
  6332 | D:7      | 6332 ||| UPGRADING to +0 chain mail.
  6342 | D:7      | 6342 ||| DROPPING +0 scale mail.
  6343 | D:7      | 6343 ||| UPGRADING to +0 cloak.
  6348 | D:7      | 6348 ||| READING scroll labelled ACISIT UL TECA.
  6349 | D:7      | 6349 ||| READING 4 scrolls of identify.
  6349 | D:7      | 6349 ||| IDENTIFYING red potion
  6350 | D:7      | 6350 ||| DROPPING potion of degeneration.
  6380 | D:8      | Found a shimmering blue altar of Sif Muna.
  6393 | D:8      | 6393 ||| Stepping ~*~*~tactically~*~*~ (hiding).
  6396 | D:8      | 6396 ||| INVOKING Heroism.
  6512 | D:8      | Noticed Joseph
  6520 | D:8      | 6520 ||| INVOKING Heroism.
  6523 | D:8      | Noticed Pikel
  6526 | D:8      | Reached skill level 6 in Armour
  6535 | D:8      | HP: 16/64 [Joseph/+1 quarterstaff of draining (1)]
  6536 | D:8      | 6536 ||| DRINKING potion of heal wounds.
  6536 | D:8      | Killed Joseph
  6536 | D:8      | Reached **** piety under Okawaru
  6539 | D:8      | Killed Pikel
  6540 | D:8      | Reached skill level 3 in Throwing
  6748 | D:8      | 6748 ||| FLEEEEING.
  6749 | D:8      | 6749 ||| FLEEEEING.
  6750 | D:8      | 6750 ||| FLEEEEING.
  6751 | D:8      | 6751 ||| FLEEEEING.
  6752 | D:8      | 6752 ||| FLEEEEING.
  6753 | D:8      | 6753 ||| STAIRDANCE
  6782 | D:7      | 6782 ||| DRINKING 2 orange potions.
  6785 | D:8      | 6785 ||| STAIRDANCE
  6788 | D:7      | 6788 ||| INVOKING Heroism.
  6876 | D:8      | Reached ***** piety under Okawaru
  6878 | D:8      | Received a gift from Okawaru
  6879 | D:8      | Reached skill level 6 in Invocations
  6946 | D:8      | 6946 ||| INVOKING Heroism.
  6949 | D:8      | Reached XP level 11. HP: 68/68 MP: 12/15
  7171 | D:8      | 7171 ||| DROPPING +6 ring of intelligence.
  7172 | D:8      | 7172 ||| DRINKING 2 bubbling grey potions.
  7172 | D:8      | Gained mutation: You have sharp toenails. [potion of
                  | mutation]
  7204 | D:9      | 7204 ||| Stepping ~*~*~tactically~*~*~ (hiding).
  7207 | D:9      | 7207 ||| INVOKING Heroism.
  7242 | D:9      | Reached skill level 11 in Axes
  7246 | D:9      | 7246 ||| INVOKING Heroism.
  7248 | D:9      | HP: 17/68 [orc warrior/+0 halberd (5)]
  7431 | D:9      | Found a staircase to the Orcish Mines.
  7444 | D:9      | 7444 ||| INVOKING Heroism.
  7446 | D:9      | 7446 ||| Stepping ~*~*~tactically~*~*~ (cloud).
  7449 | D:9      | Received a gift from Okawaru
  7466 | D:9      | 7466 ||| Stepping ~*~*~tactically~*~*~ (stealth).
  7530 | D:9      | 7530 ||| Stepping ~*~*~tactically~*~*~ (hiding).
  7537 | D:9      | 7537 ||| INVOKING Heroism.
  7670 | D:9      | 7670 ||| Stepping ~*~*~tactically~*~*~ (hiding).
  7699 | D:9      | Noticed a two-headed ogre
  7700 | D:9      | 7700 ||| INVOKING Heroism.
  7712 | D:9      | Killed a two-headed ogre
  7712 | D:9      | Received a gift from Okawaru
  7923 | D:9      | 7923 ||| Stepping ~*~*~tactically~*~*~ (stealth).
  7929 | D:9      | Noticed a two-headed ogre
  7930 | D:9      | 7930 ||| Stepping ~*~*~tactically~*~*~ (stealth).
  7931 | D:9      | 7931 ||| INVOKING Heroism.
  7946 | D:9      | Killed a two-headed ogre
  7988 | D:9      | 7988 ||| Stepping ~*~*~tactically~*~*~ (stealth).
  7990 | D:9      | 7990 ||| INVOKING Heroism.
  8041 | D:9      | Found a staircase to the Lair.
  8058 | D:9      | Received a gift from Okawaru
  8097 | D:9      | Reached skill level 3 in Dodging
  8152 | D:9      | 8152 ||| Stepping ~*~*~tactically~*~*~ (hiding).
  8157 | D:9      | 8157 ||| INVOKING Heroism.
  8328 | D:9      | 8328 ||| PLANNING LAIR
  8328 | D:9      | 8328 ||| UPGRADING to +0 plate armour.
  8338 | D:9      | 8338 ||| DROPPING +0 chain mail.
  8339 | D:9      | 8339 ||| UPGRADING to +2 helmet.
  8349 | D:9      | 8349 ||| DROPPING +1 helmet.
  8350 | D:9      | 8350 ||| READING scroll labelled ROECLEOMUKKU.
  8351 | D:9      | 8351 ||| READING scroll labelled LUSAISTUMEI.
  8392 | Lair:1   | Entered Level 1 of the Lair of Beasts
  8402 | Lair:1   | 8402 ||| INVOKING Heroism.
  8451 | Lair:1   | Found a snail-covered altar of Cheibriados.
  8453 | Lair:1   | 8453 ||| FLEEEEING.
  8454 | Lair:1   | 8454 ||| FLEEEEING.
  8455 | Lair:1   | 8455 ||| FLEEEEING.
  8456 | Lair:1   | 8456 ||| FLEEEEING.
  8457 | Lair:1   | 8457 ||| FLEEEEING.
  8458 | Lair:1   | 8458 ||| FLEEEEING.
  8460 | Lair:1   | 8460 ||| FLEEEEING.
  8462 | Lair:1   | 8462 ||| FLEEEEING.
  8464 | Lair:1   | 8464 ||| INVOKING Heroism.
  8527 | Lair:1   | 8527 ||| Stepping ~*~*~tactically~*~*~ (stealth).
  8529 | Lair:1   | 8529 ||| INVOKING Heroism.
  8662 | Lair:1   | 8662 ||| Stepping ~*~*~tactically~*~*~ (stealth).
  8664 | Lair:1   | 8664 ||| INVOKING Heroism.
  8676 | Lair:1   | Reached skill level 9 in Fighting
  8764 | Lair:1   | 8764 ||| INVOKING Heroism.
  8767 | Lair:1   | 8767 ||| Stepping ~*~*~tactically~*~*~ (stealth).
  8792 | Lair:1   | 8792 ||| INVOKING Heroism.
  8794 | Lair:1   | Reached skill level 9 in Invocations
  8799 | Lair:1   | Reached XP level 12. HP: 58/76 MP: 16/18
  8906 | Lair:1   | 8906 ||| Stepping ~*~*~tactically~*~*~ (stealth).
  8918 | Lair:1   | Reached skill level 9 in Armour
  8922 | Lair:1   | 8922 ||| INVOKING Heroism.
  9046 | Lair:1   | Noticed a catoblepas
  9047 | Lair:1   | 9047 ||| Stepping ~*~*~tactically~*~*~ (stealth).
  9049 | Lair:1   | 9049 ||| Stepping ~*~*~tactically~*~*~ (hiding).
  9051 | Lair:1   | 9051 ||| INVOKING Heroism.
  9060 | Lair:1   | Killed a catoblepas
  9106 | Lair:1   | 9106 ||| INVOKING Heroism.
  9187 | Lair:1   | 9187 ||| FLEEEEING.
  9188 | Lair:1   | 9188 ||| FLEEEEING.
  9189 | Lair:1   | 9189 ||| FLEEEEING.
  9190 | Lair:1   | 9190 ||| FLEEEEING.
  9191 | Lair:1   | 9191 ||| FLEEEEING.
  9192 | Lair:1   | 9192 ||| FLEEEEING.
  9193 | Lair:1   | 9193 ||| FLEEEEING.
  9194 | Lair:1   | 9194 ||| FLEEEEING.
  9195 | Lair:1   | 9195 ||| FLEEEEING.
  9197 | Lair:1   | 9197 ||| INVOKING Heroism.
  9531 | Lair:2   | Noticed Nergalle
  9532 | Lair:2   | 9532 ||| INVOKING Heroism.
  9541 | Lair:2   | Received a gift from Okawaru
  9547 | Lair:2   | Killed Nergalle
  9862 | Lair:2   | Noticed a skyshark
  9875 | Lair:2   | Killed a skyshark
  9876 | Lair:2   | Reached skill level 12 in Axes
  9976 | Lair:2   | 9976 ||| Stepping ~*~*~tactically~*~*~ (stealth).
  9978 | Lair:2   | 9978 ||| Stepping ~*~*~tactically~*~*~ (stealth).
  9980 | Lair:2   | 9980 ||| Stepping ~*~*~tactically~*~*~ (stealth).
  9981 | Lair:2   | 9981 ||| INVOKING Heroism.
  9988 | Lair:2   | Reached skill level 6 in Shields
  9996 | Lair:2   | Received a gift from Okawaru
 10010 | Lair:2   | 10010 ||| FLEEEEING.
 10104 | Lair:2   | 10104 ||| Stepping ~*~*~tactically~*~*~ (stealth).
 10147 | Lair:2   | 10147 ||| Stepping ~*~*~tactically~*~*~ (stealth).
 10170 | Lair:2   | 10170 ||| INVOKING Heroism.
 10259 | Lair:2   | Found a staircase to the Shoals.
 10747 | Lair:2   | 10747 ||| READING 6 scrolls of identify.
 10747 | Lair:2   | 10747 ||| IDENTIFYING bubbling amethyst potion
 10748 | Lair:2   | 10748 ||| DROPPING potion of berserk rage.
 10781 | Lair:3   | Found a hole to the Spider Nest.
 10782 | Lair:3   | 10782 ||| Stepping ~*~*~tactically~*~*~ (stealth).
 10784 | Lair:3   | 10784 ||| INVOKING Finesse.
 10791 | Lair:3   | 10791 ||| INVOKING Heroism.
 10812 | Lair:3   | Reached XP level 13. HP: 33/82 MP: 15/20
 11186 | Lair:3   | 11186 ||| Stepping ~*~*~tactically~*~*~ (stealth).
 11200 | Lair:3   | 11200 ||| INVOKING Heroism.
 11496 | Lair:3   | 11496 ||| Stepping ~*~*~tactically~*~*~ (stealth).
 11513 | Lair:3   | Received a gift from Okawaru
 11514 | Lair:3   | Reached skill level 13 in Axes
 11572 | Lair:3   | 11572 ||| Stepping ~*~*~tactically~*~*~ (stealth).
 11574 | Lair:3   | 11574 ||| Stepping ~*~*~tactically~*~*~ (stealth).
 11951 | Lair:3   | 11951 ||| READING scroll labelled JIABLIUFUA.
 11952 | Lair:3   | 11952 ||| READING 5 scrolls of identify.
 11952 | Lair:3   | 11952 ||| IDENTIFYING golden potion
 11984 | Lair:4   | 11984 ||| Stepping ~*~*~tactically~*~*~ (stealth).
 12009 | Lair:4   | 12009 ||| Stepping ~*~*~tactically~*~*~ (stealth).
 12011 | Lair:4   | 12011 ||| INVOKING Heroism.
 12012 | Lair:4   | 12012 ||| INVOKING Finesse.
 12014 | Lair:4   | 12014 ||| SWAPPING to +0 morningstar.
 12019 | Lair:4   | 12019 ||| SWAPPING to +1 broad axe of venom.
 12046 | Lair:4   | 12046 ||| Stepping ~*~*~tactically~*~*~ (stealth).
 12058 | Lair:4   | 12058 ||| INVOKING Heroism.
 12157 | Lair:4   | 12157 ||| INVOKING Heroism.
 12204 | Lair:4   | 12204 ||| INVOKING Finesse.
 12206 | Lair:4   | 12206 ||| INVOKING Heroism.
 12209 | Lair:4   | 12209 ||| SWAPPING to +0 morningstar.
 12216 | Lair:4   | HP: 16/82 [eight-headed hydra (5)]
 12217 | Lair:4   | 12217 ||| READING 2 scrolls of teleportation.
 12217 | Lair:4   | Slain by an eight-headed hydra

Levels and vault maps discovered:
D:1:      eino_arrival_tree_alley, layout_loops_ring,
          minmay_misc_feat_more_columns, grunt_decor_cap,
          nicolae_figureground_pulse
D:2:      kennysheep_the_goblin_king, layout_basic,
          dreamdust_ecumenical_altar_statues, serial_forest,
          infiniplex_forest_straight_5, infiniplex_forest_lined_room_2,
          infiniplex_forest_straight_1, infiniplex_forest_lined_1,
          infiniplex_forest_fountain
D:3:      layout_basic, grunt_temple_overflow_open,
          cheibrodos_sewer_entry_sluice, minmay_misc_feat_plants
D:4:      layout_loops_cross, mainiacjoe_overflow_catch_the_wave,
          ebering_ghost_disaster_area, minmay_manual_mares, uniq_duvessa
D:5:      layout_loops_ring, kennysheep_boxes
D:6:      layout_loops_ring, mainiacjoe_overflow_concentric_impassable,
          dancing_weapons_uskayaw, temple_fountains, gammafunk_ghost_split,
          uniq_crazy_yiuf_cottage, uniq_sigmund
D:7:      minmay_chambers_of_sevens, layout_cave_pools, lemuel_tele_altar,
          enter_bailey_3
D:8:      layout_rooms, nicolae_sif_muna_condensation,
          kennysheep_generic_room_11, uniq_pikel, uniq_joseph
D:9:      layout_rooms, grunt_lair_entry_orc_guard_hut, david_orc_4,
          dk_noncrumbling_2
Lair:1:   layout_misc_corridors, minivault_11, kennysheep_snail_temple,
          serial_bayou_shore_a, grunt_megastairs_1
Lair:2:   layout_regular_city, nicolae_shoals_entry_roost, enter_volcano_3,
          chequers_serial_rivers_small_3, st_stairs_6,
          infiniplex_staircase_pool_2, uniq_nergalle
Lair:3:   layout_loops_ring, nicolae_spider_entry_orb_guardian
Lair:4:   layout_regular_city, nicolae_slime_entry_field_trip,
          infiniplex_staircase_pool

Skill      XL: |  1  2  3  4  5  6  7  8  9 10 11 12 13 |
---------------+----------------------------------------+-----
Axes           | 2 3 4 5 6 7 8 9 10 11 12 13 | 13.4
Throwing       | 1 2 3 5 |  5.1
Fighting       | 4 5 7 8 9 10 | 10.1
Dodging        | 1 2 3 |  3.0
Invocations    | 1 4 6 9 10 | 10.0
Shields        | 4 5 6 |  6.0
Armour         | 4 6 8 9 10 | 10.0

Action                     |  1- 3 |  4- 6 |  7- 9 | 10-12 | 13-15 || total
---------------------------+-------+-------+-------+-------+-------++-------
  Melee: War axe           |   138 |    60 |       |       |       ||   198
         Broad axe         |       |    97 |   210 |   485 |   135 ||   927
         Morningstar       |       |       |       |       |    11 ||    11
  Throw: Javelin           |       |       |     6 |     5 |       ||    11
         Boomerang         |       |       |     1 |       |       ||     1
 Invoke: Heroism           |       |       |    10 |    28 |     5 ||    43
         Finesse           |       |       |       |     1 |     2 ||     3
    Use: Scroll            |     5 |     8 |     4 |     5 |     3 ||    25
         Potion            |       |     5 |       |     3 |       ||     8
   Stab: Distracted        |       |       |     1 |       |       ||     1
 Armour: Scale mail        |    91 |    66 |    99 |    24 |       ||   280
         Chain mail        |       |       |       |    87 |       ||    87
         Plate armour      |       |       |       |   172 |    97 ||   269
  Dodge: Dodged            |    64 |    64 |   111 |   179 |    54 ||   472
  Block: Buckler           |    23 |    32 |    62 |   147 |    50 ||   314

Table legend:
 A = Non-vault XP
 B = Vault XP
 C = Vault XP percentage of total XP
 D = Non-vault monster count
 E = Vault monster count
 F = Vault count percentage of total count
                 A         B        C        D         E       F
            +---------+---------+-------+---------+---------+-------
      Total |   28767 |   12049 |  29.5 |     252 |      86 |  25.4
            +---------+---------+-------+---------+---------+-------
        D:1 |      68 |       0 |   0.0 |      37 |       0 |   0.0
        D:2 |      35 |      14 |  28.6 |      13 |       7 |  35.0
        D:3 |      62 |      17 |  21.5 |      25 |       3 |  10.7
        D:4 |     182 |     438 |  70.6 |      10 |       4 |  28.6
        D:5 |     679 |       0 |   0.0 |      22 |       0 |   0.0
        D:6 |    1008 |     214 |  17.5 |      15 |       1 |   6.2
        D:7 |    1947 |    1589 |  44.9 |      20 |      18 |  47.4
        D:8 |    2174 |    1116 |  33.9 |      17 |       3 |  15.0
        D:9 |    3969 |    1230 |  23.7 |      20 |      18 |  47.4
     Lair:1 |    3077 |    3675 |  54.4 |      16 |      11 |  40.7
     Lair:2 |    7042 |    2861 |  28.9 |      25 |       7 |  21.9
     Lair:3 |    6450 |     701 |   9.8 |      20 |       1 |   4.8
     Lair:4 |    2074 |     129 |   5.9 |      12 |       3 |  20.0
      Sewer |       0 |      65 | 100.0 |       0 |      10 | 100.0
            +---------+---------+-------+---------+---------+-------
